 Dungeon Crawl Stone Soup version 0.31-a0-221-gbddc013574 (webtiles) character file.

Game seed: 14559173268522081406

56 qw the Shooter (level 3, -2/29 HPs)
             Began as a Minotaur Hexslinger on July 4, 2023.
             Frozen to death by an endoplasm (4 damage)
             ... on level 2 of the Dungeon.
             The game lasted 00:00:33 (1300 turns).

qw the Shooter (Minotaur Hexslinger)                Turns: 1300, Time: 00:00:34

Health: -2/29      AC:  5    Str: 12    XL:     3   Next: 69%
Magic:  3/3        EV: 12    Int: 10    God:
Gold:   90         SH:  0    Dex: 14    Spells: 3/4 levels left

rFire   . . .        Y - +2 sling
rCold   . . .        (no shield)
rNeg    . . .        e - +0 leather armour
rPois   .            (helmet restricted)
rElec   .            (no cloak)
rCorr   .            i - +0 pair of gloves
SInv    .            c - +0 pair of boots
Will    .....        (no amulet)
Stlth   +            (no ring)
HPRegen 0.24/turn    (no ring)
MPRegen 0.08/turn

%: no passive effects
@: lethally poisoned (-2 -> -9)
A: horns 2, retaliatory headbutt
a: no special abilities


You were on level 2 of the Dungeon.
You visited 1 branch of the dungeon, and saw 2 of its levels.

You collected 90 gold pieces.


Innate Abilities, Weirdness & Mutations

You have a pair of horns on your head.
You reflexively headbutt those who attack you in melee.


   Skills:
 - Level 2.0 Fighting
 + Level 4.2 Ranged Weapons
 - Level 2.1 Dodging
 - Level 1.0 Spellcasting
 - Level 2.0 Hexes


You had 3 spell levels left.
You knew the following spells:

 Your Spells              Type           Power      Damage    Failure   Level
a - Slow                  Hex            16%        N/A       19%         1

Your spell library contained the following spells:

 Spells                   Type           Power      Damage    Failure   Level
 Inner Flame              Hex/Fire       2%         N/A       65%         3
 Portal Projectile        Hex/Tloc       4%         N/A       65%         3
 Cause Fear               Hex            2%         N/A       88%         4

Inventory:

Hand Weapons
 Y - a +2 sling (weapon)
Armour
 c - a +0 pair of boots (worn)
 e - a +0 leather armour (worn)
 i - a +0 pair of gloves (worn)
Potions
 a - a potion of heal wounds {unknown}
 f - a potion of attraction {unknown}
 g - a potion of curing {unknown}
 h - 2 potions of invisibility {unknown}

Dungeon Overview and Level Annotations

Branches:
Dungeon (2/15)

Altars:
Elyvilon


Message History

You feel sick. The adder bites you but does no damage.
The endoplasm closely misses you. The adder bites you but does no damage.
You shoot a sling bullet.
The sling bullet hits the adder but does no damage.
The adder is severely wounded.
You feel sick. The adder bites you but does no damage.
The endoplasm freezes you.
You are frozen.
The adder closely misses you. The endoplasm barely misses you.
You shoot a sling bullet.
The sling bullet barely misses the adder.
You feel sick. The adder bites you but does no damage.
The endoplasm closely misses you. You furiously retaliate!
You headbutt the endoplasm, but do no damage.
You shoot a sling bullet.
The sling bullet barely misses the adder.
You feel sick. The adder bites you.
You are more poisoned.
The adder poisons you! The endoplasm hits you. The adder bites you.
You shoot a sling bullet.
The sling bullet barely misses the adder.
You feel sick. The adder closely misses you. You furiously retaliate!
You headbutt the adder, but do no damage.
The endoplasm closely misses you. You furiously retaliate!
You headbutt the endoplasm, but do no damage.
The adder barely misses you.
You shoot a sling bullet.
The sling bullet closely misses the adder.
You feel sick. The endoplasm freezes you.
You are frozen.
The adder bites you.
You are lethally poisoned!
The adder poisons you! The endoplasm freezes you.
You are frozen.
You shoot a sling bullet.
The sling bullet closely misses the adder.
You feel sick. The adder misses you. The endoplasm freezes you.
You are frozen.
You die...

#....########..........
#....# ##. ###......##
#....# .. ##.....##
#....# .. # ####(###
###.## .##$# #.###
#.###... # ###..
#.#.######.. ##.
#.#......... ##
#.).@S....# #
##.%.J.#### ##
#.####.... #. #..
..#### ## #........# #
##......... # .######..
##.. .#


You could see an adder and an endoplasm.

Vanquished Creatures
  3 dart slugs
  4 endoplasms
  4 giant cockroaches
  3 goblins
  3 hobgoblins (D:1)
  2 jackals (D:2)
  A quokka (D:2)
  7 ball pythons
  3 bats (D:1)
  5 frilled lizards
  8 kobolds
  3 rats (D:1)
46 creatures vanquished.

Notes
Turn   | Place    | Note
-------+----------+-------------------------------------------
     0 | D:1      | qw the Minotaur Hexslinger began the quest for the Orb.
     0 | D:1      | Reached XP level 1. HP: 16/16 MP: 1/1
     0 | D:1      | 0 ||| qw: Version: 0.3-a-41-g9d075ac
     0 | D:1      | 0 ||| qw: Game counter: 755
     0 | D:1      | 0 ||| qw: Melee chars always use a shield: true
     0 | D:1      | 0 ||| qw: God list: Okawaru
     0 | D:1      | 0 ||| qw: Allow faded altars: false
     0 | D:1      | 0 ||| qw: Do Orc after clearing Dungeon:15 true
     0 | D:1      | 0 ||| qw: Do second Lair branch before Depths: true
     0 | D:1      | 0 ||| qw: Lair rune preference: random
     0 | D:1      | 0 ||| qw: Goals: Normal
     0 | D:1      | 0 ||| PLANNING D:1-11
   107 | D:1      | Reached skill level 3 in Ranged Weapons
   107 | D:1      | Reached XP level 2. HP: 23/23 MP: 2/2
   127 | D:1      | 127 ||| Stepping ~*~*~tactically~*~*~ (water).
   474 | D:1      | Reached XP level 3. HP: 29/29 MP: 3/3
   788 | D:1      | 788 ||| UPGRADING to +0 leather armour.
   798 | D:1      | 798 ||| DROPPING +0 robe.
   799 | D:1      | 799 ||| READING scroll labelled RYDDOSHR NUDEPT.
   800 | D:1      | 800 ||| READING scroll labelled LOWKEZ MANWORE.
   801 | D:1      | 801 ||| DROPPING scroll of poison.
  1033 | D:2      | Found a white marble altar of Elyvilon.
  1084 | D:2      | Reached skill level 4 in Ranged Weapons
  1111 | D:2      | 1111 ||| UPGRADING to +0 pair of boots.
  1116 | D:2      | 1116 ||| UPGRADING to +0 pair of gloves.
  1122 | D:2      | 1122 ||| READING scroll labelled SAONLU CECYSTRUTU.
  1123 | D:2      | 1123 ||| READING scroll labelled MEPOUF TUOP.
  1284 | D:2      | 1284 ||| READING scroll labelled CEL KEOHAOLEU.
  1299 | D:2      | HP: 5/29 [adder (3)]
  1300 | D:2      | HP: 2/29 [poisoned by an adder]
  1300 | D:2      | Frozen to death by an endoplasm

Levels and vault maps discovered:
D:1:      saegor_arrival_simple_e, layout_loops_ring, chequers_decorated_corner,
          minmay_splitting_lines, chequers_big_river
D:2:      layout_basic, basic_altar, minmay_puff

Skill      XL: |  1  2  3 |
---------------+----------+-----
Ranged Weapons | 3 4 |  4.2
Fighting       | 2 |  2.0
Dodging        | |  2.1
Spellcasting   | |  1.0
Hexes          | |  2.0

Action                     || total
---------------------------++-------
   Fire: Sling             ||   120
    Use: Scroll            ||     5
 Armour: Robe              ||     1
         Leather armour    ||     9
  Dodge: Dodged            ||    29

Table legend:
 A = Non-vault XP
 B = Vault XP
 C = Vault XP percentage of total XP
 D = Non-vault monster count
 E = Vault monster count
 F = Vault count percentage of total count
                 A         B        C        D         E       F
            +---------+---------+-------+---------+---------+-------
      Total |      80 |       0 |   0.0 |      46 |       0 |   0.0
            +---------+---------+-------+---------+---------+-------
        D:1 |      42 |       0 |   0.0 |      27 |       0 |   0.0
        D:2 |      38 |       0 |   0.0 |      19 |       0 |   0.0
            +---------+---------+-------+---------+---------+-------
